 Dungeon Crawl Stone Soup version 0.25.0-9-g26727b657a (webtiles) character file.

Game seed: 2016768782684686827

11393 Froggeryz the Grappler (level 11, -8/71 HPs)
             Began as a Gargoyle Monk on June 19, 2020.
             Was the Champion of Cheibriados.
             Mangled by a six-headed hydra (11 damage)
             ... on level 1 of the Lair of Beasts.
             The game lasted 00:15:48 (10343 turns).

Froggeryz the Grappler (Gargoyle Monk)             Turns: 10343, Time: 00:15:49

Health: -8/71      AC: 18    Str: 32    XL:     11   Next: 77%
Magic:  13/13      EV: 14    Int: 27    God:    Cheibriados [******]
Gold:   512        SH:  9    Dex: 27    Spells: 7/13 levels left

rFire    . . .     SeeInvis .     - Unarmed
rCold    . . .     Gourm    .   i - +2 buckler
rNeg     + . .     Faith    .   r - +0 scale mail
rPois    ∞         Spirit   .   z - +0 helmet
rElec    +         Reflect  .   s - +0 cloak
rCorr    .         Harm     .   (no gloves)
MR       .....                  (no boots)
Stlth    +.........             (no amulet)
HPRegen  0.21/turn              (no ring)
MPRegen  0.13/turn              (no ring)

@: about to teleport, very slow
A: negative energy resistance 1, electricity resistance, unbreathing,
petrification resistance, rot immunity, AC +8
a: Bend Time, Temporal Distortion, Slouch, Step From Time, Renounce Religion


You were on level 1 of the Lair of Beasts.
You worshipped Cheibriados.
Cheibriados was exalted by your worship.
You were not hungry.

You visited 3 branches of the dungeon, and saw 11 of its levels.

You collected 512 gold pieces.

Inventory:

Armour
 i - a +2 buckler (worn)
 r - a +0 scale mail (worn)
 s - a +0 cloak (worn)
 z - a +0 helmet (worn)
Wands
 h - a wand of paralysis (4)
 n - a wand of digging (10)
 y - a wand of disintegration (14)
 H - a wand of iceblast (8)
Scrolls
 a - 4 scrolls of blinking {unknown}
 f - 3 scrolls of enchant armour {unknown}
 g - 6 scrolls of remove curse
 j - 2 scrolls of teleportation
 k - 2 scrolls of immolation {unknown}
 m - 9 scrolls of identify
 o - 3 scrolls of fog {unknown}
 p - 3 scrolls of magic mapping {unknown}
 q - 2 scrolls of enchant weapon {unknown}
 x - a scroll of amnesia {unknown}
 C - a scroll of fear {unknown}
 I - a scroll of random uselessness {unknown}
Potions
 c - 2 potions of ambrosia {unknown}
 d - 3 potions of cancellation {unknown}
 e - 3 potions of curing
 l - 3 potions of haste
 t - 2 potions of brilliance {unknown}
 u - a potion of might
 v - 6 potions of degeneration {unknown}
 w - a potion of flight {unknown}
 A - 2 potions of heal wounds {unknown}
 B - 2 potions of lignification {unknown}
 D - 2 potions of stabbing {unknown}
 E - a potion of resistance {unknown}
 F - 2 potions of magic {unknown}
Comestibles
 b - 25 rations


   Skills:
 - Level 9.0 Fighting
 - Level 5.6 Armour
 - Level 4.0 Dodging
 - Level 2.1 Stealth
 - Level 5.1 Shields
 * Level 13.5 Unarmed Combat
 + Level 1.5 Spellcasting
 + Level 5.2 Earth Magic


You had 7 spell levels left.
You knew the following spells:

 Your Spells              Type           Power        Failure   Level  Hunger
a - Magic Dart            Conj           #...         21%         1    #......
b - Bolt of Magma         Conj/Fire/Erth ##........   95%         5    ######.

Your spell library contained the following spells:

 Spells                   Type           Power        Failure   Level  Hunger
 Infusion                 Chrm           #...         21%         1    #......
 Shock                    Conj/Air       #...         21%         1    #......
 Searing Ray              Conj           #.....       30%         2    ##.....
 Shroud of Golubria       Chrm/Tloc      #.....       30%         2    ##.....
 Song of Slaying          Chrm           #.......     30%         2    ##.....
 Swiftness                Chrm/Air       #.......     30%         2    ##.....
 Dazzling Flash           Conj/Hex       #.....       52%         3    ###....
 Ozocubu's Armour         Chrm/Ice       #.......     52%         3    ###....
 Spectral Weapon          Hex/Chrm       #.......     52%         3    ###....
 Static Discharge         Conj/Air       #.......     52%         3    ###....
 Airstrike                Air            #.........   89%         4    #####..
 Fulminant Prism          Conj/Hex       #.........   89%         4    #####..
 Iskenderun's Mystic Bla  Conj/Tloc      #.......     89%         4    #####..
 Iskenderun's Battlesphe  Conj/Chrm      #.......     99%         5    ######.
 Lightning Bolt           Conj/Air       #.........   99%         5    ######.
 Iron Shot                Conj/Erth      ###.......   100%        6    #######
 Orb of Destruction       Conj           #.........   100%        7    #######
 Spellforged Servitor     Conj/Summ      #.........   100%        7    #######


Dungeon Overview and Level Annotations

Branches:
Dungeon (9/15)             Temple (1/1) D:4            Lair (1/6) D:9
    Orc: D:9-12

Altars:
Ashenzari
Cheibriados
Dithmenos
Elyvilon
Fedhas
Gozag
Hepliaklqana
Kikubaaqudgha
Makhleb
Nemelex Xobeh
Okawaru
Qazlal
Ru
Sif Muna
Trog
Uskayaw
Vehumet
Wu Jian
Xom
Yredelemnul
Zin
The Shining One

Shops:
D:7 =   D:8 (


Innate Abilities, Weirdness & Mutations

You are resistant to torment.
Your stone body is resilient. (AC +8)
You are immune to poison.
You resist negative energy. (rN+)
You are resistant to electric shocks. (rElec)
You can survive without breathing.
You are immune to petrification.
You are immune to rotting.


Message History

You punch the six-headed hydra!
The six-headed hydra is heavily wounded.
The six-headed hydra barely misses you. The six-headed hydra bites you!
* * * LOW HITPOINT WARNING * * *
The six-headed hydra closely misses you.
The six-headed hydra bites you but does no damage.
You block the six-headed hydra's attack.
The six-headed hydra closely misses you.
Okay, then.
Unknown command.
As you read the scroll of teleportation, it crumbles to dust.
You feel strangely unstable.
The six-headed hydra bites you but does no damage.
The six-headed hydra bites you.
* * * LOW HITPOINT WARNING * * *
The six-headed hydra bites you but does no damage.
The six-headed hydra bites you.
* * * LOW HITPOINT WARNING * * *
The six-headed hydra bites you!
You die...

#...#..###..≈≈≈≈≈≈≈.....#...
#...+...P...≈≈≈≈≈≈≈≈≈...#...
#...##...P.≈≈≈≈≈≈≈≈≈≈...#...
....##...##.≈≈≈≈..≈≈≈.......
##...
#....#≈≈≈≈≈>.≈≈≈≈......
##.###.≈≈≈≈.≈≈≈≈.......
###+P##.≈≈≈≈≈≈≈≈≈...#...
.........≈≈≈≈≈≈≈≈.##...P
.......@.≈≈≈≈≈≈≈........
.......D....≈...........
........................
........................
#.P.##..................
.... ......########..P.. ...
#.....# .. +......


You could see a six-headed hydra.

Vanquished Creatures
  A hydra (D:9)
  2 two-headed ogres (D:9)
  Pikel (D:9)
  A gargoyle (D:9)
  2 spiny frogs (Lair:1)
  2 dream sheep (D:9)
  Grinder (D:5)
  A slime creature (D:9)
  4 hippogriffs
  Sigmund (D:6)
  3 yaks (D:9)
  A hungry ghost (D:8)
  Menkaure (D:4)
  2 water moccasins
  Duvessa (D:5)
  3 orc warriors
  3 porcupines
  2 black bears (D:9)
  A sky beast (D:9)
  An ice beast (D:3)
  2 slaves (D:9)
  6 ogres
  4 wolves (Lair:1)
  A phantom (D:6)
  7 centaurs
  A crocodile (D:9)
  11 bullfrogs
  3 big kobolds (D:9)
  Dowan (D:5)
  4 killer bees (D:9)
  3 wights (D:5)
  2 howler monkeys (D:7)
  6 crimson imps
  A centaur zombie (D:6)
  4 bullfrog zombies
  3 orc priests
  A bullfrog skeleton (D:6)
  3 hounds (D:8)
  10 jellies
  Ijyb (D:4)
  Jessica (D:3)
  3 iguanas
  6 orc wizards
  7 worker ants
  A hound zombie (D:7)
  A worker ant zombie (D:9)
  A howler monkey skeleton (D:8)
  5 gnolls (D:2)
  12 adders
  2 shadow imps (D:6)
  19 oozes
  3 adder skeletons
  A dart slug (D:1)
  9 leopard geckos
  24 orcs
  5 giant cockroaches
  7 goblins
  9 hobgoblins
  8 jackals
  6 quokkas
  2 ball pythons
  15 bats
  4 frilled lizards
  2 jackal skeletons (D:4)
  10 kobolds
  A leopard gecko skeleton (D:7)
  2 leopard gecko zombies
  A quokka zombie (D:9)
  2 rats
277 creatures vanquished.

Vanquished Creatures (others)
  A slave (D:9)
  A bullfrog (D:9)
  A scorpion (D:9)
  An adder (D:9)
  33 fungi (D:9)
  6 plants (D:9)
43 creatures vanquished.

Grand Total: 320 creatures vanquished

Notes
Turn   | Place    | Note
-------+----------+-------------------------------------------
     0 | D:1      | Froggeryz the Gargoyle Monk began the quest for the Orb.
     0 | D:1      | Reached XP level 1. HP: 14/14 MP: 1/1
   393 | D:1      | Reached XP level 2. HP: 15/19 MP: 2/2
   666 | D:1      | Reached skill level 4 in Unarmed Combat
   734 | D:1      | Reached XP level 3. HP: 23/23 MP: 3/3
  1266 | D:2      | Reached skill level 1 in Shields
  1478 | D:2      | Reached XP level 4. HP: 28/28 MP: 4/4
  1648 | D:2      | Found a sparkling altar of Nemelex Xobeh.
  1850 | D:2      | Reached XP level 5. HP: 16/32 MP: 5/5
  2138 | D:2      | Reached skill level 5 in Unarmed Combat
  2396 | D:3      | Noticed an orc warrior
  2726 | D:3      | Noticed an ice beast
  2751 | D:3      | Killed an ice beast
  2751 | D:3      | Reached XP level 6. HP: 20/37 MP: 6/6
  2862 | D:3      | Noticed Jessica
  2870 | D:3      | Killed Jessica
  3995 | D:4      | Reached skill level 6 in Unarmed Combat
  4059 | D:4      | Reached skill level 5 in Shields
  4059 | D:4      | Reached XP level 7. HP: 33/41 MP: 7/7
  4148 | D:4      | Noticed Menkaure
  4603 | D:4      | Noticed Ijyb
  4622 | D:4      | Killed Ijyb
  4670 | D:4      | Found a hazy altar of Hepliaklqana.
  4710 | D:4      | Reached skill level 7 in Unarmed Combat
  4751 | D:4      | Found a staircase to the Ecumenical Temple.
  4818 | Temple   | Entered the Ecumenical Temple
  4873 | Temple   | Became a worshipper of Cheibriados the Contemplative
  4873 | Temple   | Reached * piety under Cheibriados
  4873 | Temple   | Reached ** piety under Cheibriados
  4941 | D:4      | Killed Menkaure
  4941 | D:4      | Reached XP level 8. HP: 31/48 MP: 8/8
  5143 | D:5      | Entered Level 5 of the Dungeon
  5293 | D:5      | Reached skill level 5 in Fighting
  5293 | D:5      | Reached skill level 8 in Unarmed Combat
  5596 | D:5      | Found a hide-covered altar of Uskayaw.
  5596 | D:5      | Found a burning altar of Makhleb.
  5596 | D:5      | Found an ancient bone altar of Kikubaaqudgha.
  5596 | D:5      | Found a stormy altar of Qazlal.
  5759 | D:5      | Noticed Grinder
  5776 | D:5      | Killed Grinder
  5953 | D:5      | Noticed Dowan
  5953 | D:5      | Noticed Duvessa
  5990 | D:5      | Killed Dowan
  5993 | D:5      | Killed Duvessa
  5993 | D:5      | Reached skill level 9 in Unarmed Combat
  6268 | D:5      | Reached XP level 9. HP: 55/55 MP: 9/9
  6516 | D:6      | Noticed Sigmund
  6528 | D:6      | Killed Sigmund
  6670 | D:6      | Reached *** piety under Cheibriados
  6684 | D:6      | Reached skill level 10 in Unarmed Combat
  7135 | D:7      | Reached skill level 1 in Armour
  7214 | D:7      | Found a shattered altar of Ashenzari.
  7252 | D:7      | Learned a level 1 spell: Magic Dart
  7283 | D:7      | Reached **** piety under Cheibriados
  7369 | D:7      | You fall into a shaft and drop 2 floors!
  7447 | D:9      | Noticed a two-headed ogre
  7457 | D:9      | Killed a two-headed ogre
  7457 | D:9      | Reached skill level 11 in Unarmed Combat
  7457 | D:9      | Reached XP level 10. HP: 64/64 MP: 10/10
  7644 | D:9      | Noticed a two-headed ogre
  7655 | D:9      | Killed a two-headed ogre
  7656 | D:9      | Noticed Pikel
  7670 | D:9      | Killed Pikel
  7670 | D:9      | Reached skill level 5 in Armour
  7674 | D:9      | Reached skill level 12 in Unarmed Combat
  7788 | D:9      | Found a staircase to the Lair.
  7858 | D:7      | Learned a level 5 spell: Bolt of Magma
  7864 | D:7      | Reached ***** piety under Cheibriados
  7968 | D:7      | Found a radiant altar of Vehumet.
  8019 | D:7      | Found Ufecw's Jewellery Shop.
  8222 | D:7      | Reached skill level 1 in Earth Magic
  8453 | D:8      | Reached XP level 11. HP: 71/71 MP: 11/11
  8461 | D:8      | Found Nefigum's Antique Weapon Shoppe.
  8617 | D:8      | Found a shimmering altar of Xom.
  8620 | D:8      | Found an ornate altar of the Wu Jian Council.
  8622 | D:8      | Found a shattered altar of Ashenzari.
  8624 | D:8      | Found a glowing golden altar of the Shining One.
  9356 | D:9      | Noticed a two-headed hydra
  9363 | D:9      | Killed a two-headed hydra
  9363 | D:9      | Reached skill level 13 in Unarmed Combat
  9536 | D:9      | Reached ****** piety under Cheibriados
  9725 | D:9      | Found a basalt altar of Yredelemnul.
  9799 | D:9      | Found a white marble altar of Elyvilon.
  9962 | Lair:1   | Entered Level 1 of the Lair of Beasts
  9974 | Lair:1   | Reached skill level 1 in Spellcasting
  9985 | Lair:1   | Reached skill level 5 in Earth Magic
 10333 | Lair:1   | Noticed a six-headed hydra
 10343 | Lair:1   | HP: 3/71 [six-headed hydra (6)]
 10343 | Lair:1   | Mangled by a six-headed hydra

Illustrated notes

Levels and vault maps discovered:
D:1:      psy_arrival_spokes, layout_basic
D:2:      wad_woods_tower, layout_basic, first_ration,
          nemelex_spade_bored_becter
D:3:      layout_basic, minmay_misc_feat_tower,
          wander_ebering_terrifying_dragon_lair, uniq_jessica
D:4:      layout_cave_pools, lemuel_doored_altar, minmay_temple_entry_slanted,
          uniq_ijyb, uniq_menkaure
D:5:      layout_basic, chequers_temple_overflow_statue_of_worship,
          uniq_duvessa, uniq_grinder
D:6:      layout_basic, uniq_sigmund
D:7:      corexii_shack_village, layout_loops_ring,
          lemuel_coloured_pillars_altar, serial_shops, nicolae_shop_waterfront,
          minivault_1, ashenzari_altar_1
D:8:      layout_gridville, minitemple, serial_shops, nicolae_shop_crystal
D:9:      lemuel_slime, layout_long_grid, kennysheep_ying_yang,
          due_lair_maze_entry_diamond, hangedman_ranch [blue_anna_fruit_fields],
          grunt_ministairs_13, chequers_serial_rivers_room_b,
          hangedman_minor_gate_pass, uniq_pikel
Temple:   cyrus_temple_forest
Lair:1:   layout_regular_city, infiniplex_staircase_pool_2, lemuel_fruit_tree,
          grunt_megastairs_2

Skill      XL: |  1  2  3  4  5  6  7  8  9 10 11 |
---------------+----------------------------------+-----
Unarmed Combat | 4 5 6 7 9 11 12 13 | 13.5
Shields        | 1 2 4 5 |  5.1
Fighting       | 4 6 8 9 |  9.0
Armour         | 3 5 |  5.6
Earth Magic    | 1 5 |  5.2
Dodging        | 4 |  4.0
Spellcasting   | 1 |  1.5
Stealth        | |  2.1

Action                   |  1- 3 |  4- 6 |  7- 9 | 10-12 || total
-------------------------+-------+-------+-------+-------++-------
Melee: Unarmed           |   125 |   256 |   375 |   359 ||  1115
Evoke: Wand              |       |       |     2 |     1 ||     3
  Use: Potion            |       |     4 |       |       ||     4
       Scroll            |       |       |     5 |     1 ||     6
 Stab: Sleeping          |     2 |       |       |       ||     2
       Paralysed         |       |       |     3 |     6 ||     9
  Eat: Chunk             |     2 |     8 |     7 |     7 ||    24
Armor: Robe              |     7 |       |       |       ||     7
       Ring mail         |    41 |    41 |       |       ||    82
       Scale mail        |       |    68 |   129 |   150 ||   347
Dodge: Dodged            |    75 |   130 |   185 |   187 ||   577
Block: Buckler           |    13 |    92 |   151 |   161 ||   417
